 Dungeon Crawl Stone Soup version 0.26-a0-651-gb41185065b (webtiles) character file.

Game seed: 7434560314389786550

25 kae the Ruffian (level 2, -1/23 HPs)
             Began as a Draconian Transmuter on Oct 13, 2020.
             Slain by a kobold
             ... wielding a +2 rapier of electrocution
              (7 damage)
             ... on level 2 of the Dungeon.
             The game lasted 00:01:35 (1101 turns).

kae the Ruffian (Draconian Transmuter)              Turns: 1101, Time: 00:01:36

Health: -1/23      AC:  4    Str: 12    XL:     2   Next: 86%
Magic:  4/5        EV: 12    Int: 13    God:
Gold:   50         SH:  0    Dex: 11    Spells: 4/5 levels left

rFire    . . .     SeeInvis .   a - +1 whip
rCold    . . .     Faith    .   (no shield)
rNeg     . . .     Spirit   .   (armour unavailable)
rPois    .         Reflect  .   (helmet currently unavailable)
rElec    .         Harm     .   (no cloak)
rCorr    .         Rampage  .   (no gloves)
MR       .....                  (boots currently unavailable)
Stlth    +.........             (no amulet)
HPRegen  0.07/turn              (no ring)
MPRegen  0.09/turn              (no ring)

@: appendages
A: unfitting armour, horns 2, talons 2, cold-blooded, AC +4
a: End Transformation


You were on level 2 of the Dungeon.
You had grown temporary horns.
You had grown temporary talons.
You visited 1 branch of the dungeon, and saw 2 of its levels.

You collected 50 gold pieces.

Inventory:

Hand Weapons
 a - a +1 whip (weapon)
Scrolls
 b - a scroll of blinking
 d - 2 scrolls of teleportation
 f - 3 scrolls of immolation
Potions
 c - a potion of curing {unknown}


   Skills:
 - Level 1.1 Fighting
 - Level 1.7 Dodging
 * Level 3.8 Unarmed Combat
 - Level 2.0 Spellcasting
 + Level 2.5 Transmutations


You had 4 spell levels left.
You knew the following spells:

 Your Spells              Type           Power        Failure   Level
a - Beastly Appendage     Tmut           #.....       9%          1

Your spell library contained the following spells:

 Spells                   Type           Power        Failure   Level
 Wereblood                Tmut           #.......     14%         2
 Spider Form              Tmut/Pois      #.........   41%         3
 Ice Form                 Ice/Tmut       #.......     83%         4
 Blade Hands              Tmut           #.........   94%         5


Dungeon Overview and Level Annotations

Branches:
Dungeon (2/15)

Altars:
Hepliaklqana
Xom


Innate Abilities, Weirdness & Mutations

Your plain brown scales are hard. (AC +4)
You cannot fit into any form of body armour.
You are cold-blooded and may be slowed by cold attacks.
You have a pair of horns on your head.
You have razor-sharp toenails.


Message History

Casting: Beastly Appendage (safe; 9% risk of failure)
Confirm with . or Enter, or press ? or * to list all spells.
You grow a pair of large bovine horns.
Your feet morph into talons.
The kobold throws a stone.
The stone hits you.
The kobold throws a stone.
The stone barely misses you. The kobold hits you but does no damage.
You hit the kobold but do no damage.
You headbutt the kobold, but do no damage.
The kobold hits you with a +2 rapier of electrocution!
You are electrocuted!
* * * LOW HITPOINT WARNING * * *
You are too injured to fight recklessly!
You are too injured to fight recklessly!
You are too injured to fight recklessly!
You are too injured to fight recklessly!
You are too injured to fight recklessly!
You completely miss the kobold. You claw the kobold, but do no damage.
You headbutt the kobold, but do no damage.
The kobold hits you with a +2 rapier of electrocution!
You die...

###.#..#.....#
_...##.#.....#
.8.##..#.....#
.._##.##..<..#
.###.....#.####
###...........#
#.............# #
..............####.#
.#........([..(.@Ks#
.#.....>......#####...#
..............# ..#
###.#..##...##. .
....###.##.## ## #####
#.## # #.# # #.# # ..


You could see a giant cockroach and a kobold.

Vanquished Creatures
  A giant cockroach (D:1)
  3 goblins (D:1)
  4 hobgoblins (D:1)
  A ball python (D:1)
  6 bats
  4 frilled lizards (D:1)
  3 kobolds (D:1)
  5 rats (D:1)
27 creatures vanquished.

Notes
Turn   | Place    | Note
-------+----------+-------------------------------------------
     0 | D:1      | kae the Draconian Transmuter began the quest for the Orb.
     0 | D:1      | Reached XP level 1. HP: 16/16 MP: 3/3
   209 | D:1      | Reached XP level 2. HP: 22/23 MP: 3/5
  1074 | D:2      | Found a hazy altar of Hepliaklqana.
  1075 | D:2      | Found a shimmering altar of Xom.
  1076 | D:2      | Noticed a spectral ugly thing
  1101 | D:2      | Slain by a kobold

Illustrated notes

Levels and vault maps discovered:
D:1:      psy_arrival_dodecagon, layout_basic, st_stairs_13, patterned_corridor
D:2:      layout_loops_cross, regret_index_temple_of_mockery,
          dancing_weapons_uskayaw, nicolae_ru_sacrificial_ziggurat,
          kennysheep_jessica_study, uniq_sigmund

Action                   || total
-------------------------++-------
Melee: Whip              ||    65
       Kick              ||     8
       Headbutt          ||     5
       Tailslap          ||     5
 Cast: Beastly Appendage ||    12
  Use: Scroll            ||     4
       Potion            ||     1
Armor: Skin              ||    21
Dodge: Dodged            ||    58

Table legend: (Time is in decaauts)
 A = Elapsed time spent in this place.
 B = Non-inter-level travel time spent in this place.
 C = Inter-level travel time spent in this place.
 D = Time resting spent in this place.
 E = Time spent auto-exploring this place.
 F = Levels seen in this place.
 G = Mean time per level.
                   A        B        C        D        E       F      G
               +--------+--------+--------+--------+--------+-----+--------+
         Total |   1086 |   1075 |     11 |    205 |    682 |   2 |  543.0 |
       Dungeon |   1086 |   1075 |     11 |    205 |    682 |   2 |  543.0 |
               +--------+--------+--------+--------+--------+-----+--------+

Top non-repeatable levels by time:
     D:1: 1025 daAuts
     D:2: 60 daAuts
